AoeStats
← erenyc77

Arena

510059850Analyzed
1v1 RM · 1d ago on Sep 29, 2026· 29m 29s· 2 players
Game mode
Random Map
Map size
Tiny (2 player)
Population
200
Speed
Normal
Resources
Standard
Victory
Conquest
Starting age
Dark Age
Ending age
Imperial Age
RankedLock teamsTeams togetherTeam positionsShared explorationLock speedFull tech treeHidden civsTurbo modeCheats
Victory
Defeat
🇩🇪 Burgundians · Germany
910
+17
🇹🇷 Turks · Türkiye
923
-17
HellasFip
5:21 Double-Bit Axe
9:18 Feudal Age
9:57 Gold Mining
11:48 Horse Collar
16:34 Castle Age
15:09 Forging
15:14 Heavy Plow
16:41 Scale Mail Armor
19:43 Squires
20:43 Arson
24:57 Sanctity
30:22 Imperial Age
27:38 Loom
27:39 Town Watch
28:55 Stone Mining
29:24 Bow Saw
erenyc77
11:05 Feudal Age
15:36 Castle Age
21:25 Imperial Age
Connection lost

Rejoining the realm…

Still unreachable

The connection could not be restored.

Session expired

The server has moved on; the page needs a fresh start.